 Dungeon Crawl Stone Soup version 0.30-a0-862-g1aabd4f9c5 (webtiles) character file.

Game seed: 1726359385242976195

55 retardedninja the Trooper (level 3, 0/33 HPs)
             Began as a Hill Orc Fighter on Mar 8, 2023.
             Killed from afar by a kobold (21 damage)
             ... with a bolt of light
             ... on level 2 of the Dungeon.
             The game lasted 00:00:53 (1009 turns).

retardedninja the Trooper (Hill Orc Fighter)        Turns: 1009, Time: 00:00:54

Health: 0/33       AC:  7    Str: 20    XL:     3   Next: 93%
Magic:  3/3        EV:  9    Int:  8    God:
Gold:   91         SH:  4    Dex: 10    Spells: 2/2 levels left

rFire   . . .      SeeInvis .    a - +0 war axe
rCold   . . .      Faith    .    c - +0 buckler
rNeg    . . .      Spirit   .    b - +0 scale mail
rPois   .          Reflect  .    (no helmet)
rElec   .          Rampage  .    (no cloak)
rCorr   .                        (no gloves)
Will    .....                    (no boots) Stlth
                                 (no amulet)
HPRegen 0.25/turn                (no ring)
MPRegen 0.08/turn                (no ring)

@: no status effects
A: no striking features
a: no special abilities


You were on level 2 of the Dungeon.
You visited 1 branch of the dungeon, and saw 2 of its levels.

You collected 91 gold pieces.

Inventory:

Hand Weapons
 a - a +0 war axe (weapon)
Missiles
 k - 3 silver boomerangs (quivered)
Armour
 b - a +0 scale mail (worn)
 c - a +0 buckler (worn)
Scrolls
 e - a scroll of fog {unknown}
 f - 2 scrolls of teleportation {unknown}
 g - 2 scrolls of poison {unknown}
 h - 2 scrolls of identify {unknown}
 j - a scroll of butterflies {unknown}
Potions
 d - a potion of might
 i - 2 potions of lignification {unknown}


   Skills:
 + Level 4.2 Fighting
 * Level 3.5 Axes
 + Level 3.8 Armour
 + Level 3.8 Shields


You had 2 spell levels left.
You didn't know any spells.
Your spell library was empty.

Dungeon Overview and Level Annotations

Branches:
Dungeon (2/15)

Altars:


Message History

The adder bites you.
You are poisoned.
The adder poisons you!
You throw a silver boomerang. The silver boomerang hits the adder.
The adder is severely wounded.
You feel sick. The adder bites you. You block the adder's attack.
You barely miss the adder.
The adder is severely wounded.
You feel sick. The adder bites you.
You are more poisoned.
The adder poisons you! The adder bites you but does no damage.
You miss the adder.
The adder is severely wounded.
You feel sick. The adder barely misses you.
The adder bites you but does no damage.
You barely miss the adder.
The adder is severely wounded.
You feel sick. The adder barely misses you.
The adder bites you but does no damage.
You slash the adder!
You kill the adder!
You feel sick.
You feel sick.
You feel sick.
You are no longer poisoned.
HP restored.
A kobold comes into view.
It is wielding a +0 club and carrying a wand of light (6).
The kobold shouts!
A giant cockroach comes into view.
There are monsters nearby!
There are monsters nearby!
You throw a silver boomerang.
The silver boomerang hits the kobold but does no damage.
The kobold is moderately wounded.
The kobold zaps a wand.
The bolt of light hits you!
You are too injured to fight recklessly!
You are too injured to fight recklessly!
The kobold zaps a wand.
The bolt of light hits you!!
Ouch! That really hurt!
You die...

.#.######.##
###.## #....#
#..#.##
##.###.#######.
#.## ##........
##.###.#######.
.#..#####..#.##
.....BK@..#..#
..#.#.###.##.#
.. ##.#.# ..#
.#.. .. .#### #
##


You could see a giant cockroach and a kobold.

Vanquished Creatures
  A gnoll (D:1)
  An adder (D:2)
  5 ball pythons (D:1)
  2 endoplasms (D:1)
  2 giant cockroaches (D:1)
  3 goblins (D:1)
  4 hobgoblins (D:1)
  3 kobolds (D:1)
  3 quokkas (D:1)
  4 bats (D:1)
  A frilled lizard (D:1)
  3 rats (D:1)
32 creatures vanquished.

Notes
Turn   | Place    | Note
-------+----------+-------------------------------------------
     0 | D:1      | retardedninja the Hill Orc Fighter began the quest for the
                  | Orb.
     0 | D:1      | Reached XP level 1. HP: 19/19 MP: 1/1
    70 | D:1      | Reached XP level 2. HP: 26/26 MP: 2/2
   122 | D:1      | Reached skill level 4 in Fighting
   125 | D:1      | Reached XP level 3. HP: 4/33 MP: 3/3
  1009 | D:2      | Killed from afar by a kobold

Illustrated notes

Levels and vault maps discovered:
D:1:      minmay_arrival_arboretum_large, layout_loops_ring, minmay_ruptured
D:2:      layout_loops_ring, serial_shops, shop, kennysheep_path_1, uniq_sigmund

Skill      XL: |  1  2 |
---------------+-------+-----
Axes           | 3 |  3.5
Fighting       | 4 |  4.2
Armour         | |  3.8
Shields        | |  3.8

Action                     || total
---------------------------++-------
  Melee: War axe           ||    69
  Throw: Boomerang         ||     3
 Armour: Scale mail        ||    37
  Dodge: Dodged            ||    37
  Block: Buckler           ||    22

Table legend: (Time is in decaauts)
 A = Elapsed time spent in this place.
 B = Non-inter-level travel time spent in this place.
 C = Inter-level travel time spent in this place.
 D = Time resting spent in this place.
 E = Time spent auto-exploring this place.
 F = Levels seen in this place.
 G = Mean time per level.
                   A        B        C        D        E       F      G
               +--------+--------+--------+--------+--------+-----+--------+
         Total |   1036 |   1031 |      5 |    269 |    594 |   2 |  518.0 |
       Dungeon |   1036 |   1031 |      5 |    269 |    594 |   2 |  518.0 |
               +--------+--------+--------+--------+--------+-----+--------+

Top non-repeatable levels by time:
     D:1: 958 daAuts
     D:2: 78 daAuts
